 Dungeon Crawl Stone Soup version 0.32-a0-468-g38b2580584 (webtiles) character file.

Game seed: 12941329495720188290

47 PriceMaster the Magician (level 3, -2/16 HPs)
             Began as a Spriggan Earth Elementalist on Feb 24, 2024.
             Slain by a goblin
             ... wielding a +0 club
             ... led by Robin
              (5 damage)
             ... on level 2 of the Dungeon.
             The game lasted 00:01:51 (1189 turns).

PriceMaster the Magician (SpEE)                     Turns: 1189, Time: 00:01:52

Health: -2/16      AC:  2    Str:  4    XL:     3   Next: 48%
Magic:  6/9        EV: 17    Int: 18    God:
Gold:   15         SH:  0    Dex: 15    Spells: 8/9 levels left

rFire   . . .        (weapon restricted)
rCold   . . .        (no shield)
rNeg    . . .        a - +0 robe
rPois   .            (helmet restricted)
rElec   .            (no cloak)
rCorr   .            (gloves unavailable)
SInv    +            (boots unavailable)
Will    .....        (no amulet)
Stlth   ++           (no ring)
HPRegen 0.22/turn    (no ring)
MPRegen 0.11/turn

%: no passive effects
@: very quick
A: very small, no large weapons, unfitting armour, see invisible, speed 3
a: no special abilities


You were on level 2 of the Dungeon.
You visited 1 branch of the dungeon, and saw 2 of its levels.

You collected 15 gold pieces.

Inventory:

Armour
 a - a +0 robe (worn)
Jewellery
 g - a ring of resist corrosion
Wands
 i - a wand of acid (9)
Scrolls
 d - 2 scrolls of blinking {unknown}
 f - a scroll of summoning {unknown}
 j - a scroll of teleportation {unknown}
Potions
 c - a potion of enlightenment {unknown}
 e - a potion of might {unknown}
 h - a potion of heal wounds {unknown}


   Skills:
 + Level 2.9 Dodging
 + Level 3.4 Stealth
 + Level 3.9 Spellcasting
 + Level 0.6 Conjurations
 + Level 3.2 Earth Magic


You had 8 spell levels left.
You knew the following spells:

 Your Spells              Type           Power      Damage    Failure   Level
a - Sandblast             Erth           30%        2d9       3%          1

Your spell library contained the following spells:

 Spells                   Type           Power      Damage    Failure   Level
 Passwall                 Erth           15%        N/A       12%         3
 Stone Arrow              Conj/Erth      20%        3d8       21%         3
 Frozen Ramparts          Ice            6%         1d1       41%         3
 Ozocubu's Armour         Ice            3%         N/A       41%         3
 Brom's Barrelling Bould  Conj/Erth      10%        2d3       54%         4
 Leda's Liquefaction      Alch/Erth      4%         N/A       58%         4
 Petrify                  Alch/Erth      9%         N/A       58%         4
 Metabolic Englaciation   Hex/Ice        1%         N/A       99%         5
 Sculpt Simulacrum        Ice/Alch       1%         N/A       100%        6


Dungeon Overview and Level Annotations

Branches:
Dungeon (2/15)

Altars:
Nemelex Xobeh

Shops:
D:2 (


Innate Abilities, Weirdness & Mutations

You are very small and have problems with some larger weapons.
You are too small for most types of armour.
You have supernaturally acute eyesight. (SInv)
You cover ground extremely quickly. (Speed+++)


Message History

You see here a +0 club.
You can't see any susceptible monsters within range! (Use Z to cast anyway.)
The blast of sand hits Robin.
Robin is moderately wounded.
The goblin shouts!
The goblin shouts!
You hear a shout!
Robin hits you from afar with a +0 spear.
The blast of sand hits Robin!
Robin is almost dead.
Robin hits you from afar with a +0 spear.
You are too injured to fight recklessly!
Robin throws the goblin at you! The goblin closely misses you.
You closely miss the goblin. The goblin hits you but does no damage.
Robin throws the goblin at you!
Okay, then.
The goblin attacks as it pursues you! The goblin closely misses you.
The goblin barely misses you. Robin misses you.
Casting: Sandblast (safe; 4% risk of failure)
Confirm with . or Enter, or press ? or * to list all spells.
Aiming: Sandblast (safe; 4% risk of failure)
Press: ? - help, Shift-Dir - straight line, f/p - Robin
Aim: Robin, wielding a +0 spear, wearing a +0 animal skin and wearing a +0 helmet (almost dead, 87% to hit)
The blast of sand misses the goblin.
The blast of sand hits the goblin!
You kill the goblin!
A goblin comes into view. It is wielding a +0 club.
Robin roars a battlecry!
The goblins go into a battle-frenzy!
Casting: Sandblast (safe; 4% risk of failure)
Confirm with . or Enter, or press ? or * to list all spells.
Aiming: Sandblast (safe; 4% risk of failure)
Press: ? - help, Shift-Dir - straight line, f/p - Robin
Aim: Robin, wielding a +0 spear, wearing a +0 animal skin and wearing a +0 helmet (almost dead, 87% to hit)
The blast of sand hits Robin!
You kill Robin!
The goblin closely misses you. The goblin hits you with a +0 club.
* * * LOW HITPOINT WARNING * * *
An adder comes into view.
The goblin attacks as it pursues you! The goblin hits you with a +0 club.
You die...

#.B######..##.............#
#......###.####...........#
#......# #.# #...........#
#......###.####...........#
#..รท.....................##
##.........######........#
#.....#)#)#####.........
#.....#.#....##........
#.#...#.#.$...g@.......
#.........#.#..........
..#####...............S ...
##...g...<....... ..
.....#...........
..##......###..##.
#.........# .## . .........
##


You could see an adder (wandering) and 2 goblins.

Vanquished Creatures
  Robin (D:2)
  6 ball pythons
  An endoplasm (D:1)
  A giant cockroach (D:2)
  11 goblins
  6 hobgoblins
  A bat (D:1)
  2 frilled lizards
  4 kobolds
33 creatures vanquished.

Notes
Turn   | Place    | Note
-------+----------+-------------------------------------------
     0 | D:1      | PriceMaster the Spriggan Earth Elementalist began the quest
                  | for the Orb.
     0 | D:1      | Reached XP level 1. HP: 9/9 MP: 5/5
   276 | D:1      | Reached XP level 2. HP: 13/13 MP: 4/6
   842 | D:2      | Found a sparkling altar of Nemelex Xobeh.
   920 | D:2      | Reached XP level 3. HP: 16/16 MP: 0/8
  1109 | D:2      | Found Akio's Weapon Emporium.
  1174 | D:2      | Noticed Robin
  1175 | D:2      | Identified the +1 dagger "Tormentor" {flame, *Noise rF+
                  | Str+4}
  1187 | D:2      | Killed Robin
  1189 | D:2      | Slain by a goblin

Illustrated notes

Levels and vault maps discovered:
D:1:      dpeg_arrival_lava_altar, layout_loops_ring
D:2:      layout_rooms, basic_altar, serial_shops, shop, uniq_robin

Skill      XL: |  1  2 |
---------------+-------+-----
Earth Magic    | 3 |  3.2
Spellcasting   | 3 |  3.9
Dodging        | |  2.9
Stealth        | |  3.4
Conjurations   | |  0.6

Action                     || total
---------------------------++-------
  Melee: Unarmed           ||     1
   Cast: Sandblast         ||    45
    Use: Potion            ||     1
 Armour: Robe              ||    14
  Dodge: Dodged            ||    20

Table legend: (Time is in decaauts)
 A = Elapsed time spent in this place.
 B = Non-inter-level travel time spent in this place.
 C = Inter-level travel time spent in this place.
 D = Time resting spent in this place.
 E = Time spent auto-exploring this place.
 F = Levels seen in this place.
 G = Mean time per level.
                   A        B        C        D        E       F      G
               +--------+--------+--------+--------+--------+-----+--------+
         Total |    930 |    922 |      8 |    174 |    615 |   2 |  465.0 |
       Dungeon |    930 |    922 |      8 |    174 |    615 |   2 |  465.0 |
               +--------+--------+--------+--------+--------+-----+--------+

Top non-repeatable levels by time:
     D:1: 546 daAuts
     D:2: 384 daAuts
